 Dungeon Crawl Stone Soup version 0.28.0-47-ge53b351184 (webtiles) character file.

Game seed: 11364403231382041802

28 101zpm the Chiller (level 3, 0/24 HPs)
             Began as a Vampire Ice Elementalist on Apr 29, 2022.
             Slain by a shadow imp (4 damage)
             ... on level 5 of the Dungeon.
             The game lasted 00:01:13 (442 turns).

101zpm the Chiller (Vampire Ice Elementalist)        Turns: 442, Time: 00:01:13

Health: 0/24       AC:  2    Str:  7    XL:     3   Next: 0%
Magic:  2/6        EV: 12    Int: 19    God:
Gold:   60         SH:  0    Dex: 14    Spells: 5/6 levels left

rFire   . . .      SeeInvis +   (no weapon)
rCold   . . .      Faith    .   (no shield)
rNeg    . . .      Spirit   .   a - +0 robe
rPois   .          Reflect  .   (no helmet)
rElec   .          Harm     .   (no cloak)
rCorr   .          Rampage  .   (no gloves)
Will    .....                   (no boots)
Stlth   ++........              (no amulet)
HPRegen 0.28/turn               (no ring)
MPRegen 0.10/turn               (no ring)

@: healing quickly
A: alive, fangs 3, see invisible, vampiric 2
a: Exsanguinate


You were on level 5 of the Dungeon.
You visited 1 branch of the dungeon, and saw 5 of its levels.

You collected 60 gold pieces.

Inventory:

Armour
 a - a +0 robe (worn)
Scrolls
 b - 2 scrolls of holy word {unknown}
 c - a scroll of teleportation {unknown}


   Skills:
 + Level 2.2 Dodging
 + Level 3.2 Stealth
 + Level 2.3 Spellcasting
 + Level 4.6 Ice Magic


You had 5 spell levels left.
You knew the following spells:

 Your Spells              Type           Power      Damage    Failure   Level
a - Freeze                Ice            76%        1d9       2%          1

Your spell library contained the following spells:

 Spells                   Type           Power      Damage    Failure   Level
 Frozen Ramparts          Ice            38%        1d5       7%          3
 Ozocubu's Armour         Ice            19%        N/A       7%          3
 Hailstorm                Conj/Ice       11%        3d5       52%         4


Dungeon Overview and Level Annotations

Branches:
Dungeon (5/15)
 Temple: D:4-7

Altars:


Innate Abilities, Weirdness & Mutations

Your natural rate of healing is accelerated.
You have razor-sharp teeth.
You have supernaturally acute eyesight. (SInv)
You are afflicted with vampirism and can become a bat while bloodless.


Message History

The shadow imp gestures at you. Pain shoots through your body!
Ouch! That really hurt!
You are too injured to fight recklessly!
You are too injured to fight recklessly!
The shadow imp gestures at you. Pain shoots through your body!
* * * LOW HITPOINT WARNING * * *
You are too injured to fight recklessly!
You are too injured to fight recklessly!
Aiming: Freeze (safe; 2% risk of failure)
Press: ? - help, Q - select action Shift-Dir - straight line, f - shadow imp
Aim: a shadow imp You freeze the shadow imp but do no damage.
The shadow imp completely resists.
The shadow imp closely misses you.
An orc comes into view. It is wielding a +0 short sword.
Aiming: Freeze (safe; 2% risk of failure)
Press: ? - help, Q - select action Shift-Dir - straight line, f/p - shadow imp
Aim: a shadow imp You freeze the shadow imp.
The shadow imp resists.
The shadow imp is lightly wounded.
The shadow imp hits you.
* * * LOW HITPOINT WARNING * * *
Aiming: Freeze (safe; 2% risk of failure)
Press: ? - help, Q - select action Shift-Dir - straight line, f/p - shadow imp
Aim: a shadow imp (lightly wounded)
You freeze the shadow imp.
The shadow imp resists.
The shadow imp is lightly wounded.
The shadow imp closely misses you.
A hound comes into view.
An orc comes into view. It is wielding a +0 whip.
Aiming: Freeze (safe; 2% risk of failure)
Press: ? - help, Q - select action Shift-Dir - straight line, f/p - shadow imp
Aim: a shadow imp (lightly wounded)
You freeze the shadow imp but do no damage.
The shadow imp completely resists.
The sentinel's mark upon you fades away.
The shadow imp hits you.
You die...

.# ..# #..###
#....#### #.....h###
#.....o.o####
#.....##5@..####
##.....###.....####..
#......#####........
#......# ###...#..
#....).## ..##
#.......# ..##
##......# #.#
##.....# #.# #.....#
#..#


You could see a hound, a shadow imp and 2 orcs.

Vanquished Creatures
  2 adders (D:3)
  An endoplasm (D:3)
  A giant cockroach (D:4)
  A goblin (D:3)
  3 jackals (D:4)
  A rat (D:2)
9 creatures vanquished.

Notes
Turn   | Place    | Note
-------+----------+-------------------------------------------
     0 | D:1      | 101zpm the Vampire Ice Elementalist began the quest for the
                  | Orb.
     0 | D:1      | Reached XP level 1. HP: 13/13 MP: 3/3
   139 | D:3      | Reached XP level 2. HP: 19/19 MP: 0/5
   348 | D:4      | Gained mutation: You are afflicted with vampirism and can
                  | become a bat while bloodless. [Vampire growth]
   348 | D:4      | Reached XP level 3. HP: 20/24 MP: 0/6
   406 | D:4      | Noticed an ogre
   411 | D:5      | Entered Level 5 of the Dungeon
   442 | D:5      | Slain by a shadow imp

Illustrated notes

Levels and vault maps discovered:
D:1:      wander_arrival_estate, layout_loops_ring, chequers_decorated_corner,
          ebering_dispersal_statue_hall
D:2:      layout_basic, hellmonk_ecumenical_altar_inner_sanctum,
          minmay_worlds_worst_comb
D:3:      layout_rooms, nicolae_dithmenos_shadow_blocks,
          minmay_misc_feat_ornament
D:4:      layout_gridville, minmay_temple_entry_sparse_star
D:5:      layout_cave_pods, kennysheep_generic_room_14

Action                   || total
-------------------------++-------
 Cast: Freeze            ||    20
Armor: Robe              ||     3
Dodge: Dodged            ||    12
